Map: Dusk Towers

Players

XMikeX - Winner!

  • Race: Terran Terran

ImmortalZodd

  • Race: Zerg Zerg
  • League: Silver

VOD

Have the link to the VOD?

Description

Time

  • Played on: Jan. 29, 2016, 3:23 p.m.
  • Length: 17:42
Show
View Real Time Build Order
Export as new Build Order

XMikeX Terran - Winner!

Build Orders: Reaper Expand 

Get SALT Encoding   

  12  0:01  SCV  
  13  0:13  SCV  
  14  0:19  Supply Depot  
  14  0:26  SCV  
  15  0:30  Refinery  
  15  0:41  SCV  
  16  0:53  SCV, Barracks  
  17  1:05  SCV  
  19  1:25  SCV  
  19  1:41  Supply Depot  
  19  1:49  Reaper  
  21  2:17  Factory, Orbital Command  
  20  2:30  Command Center  
  20  2:33  Engineering Bay  
  20  2:41  Barracks Reactor  
  20  2:46  Refinery  
  20  2:47  SCV  
  21  3:09  Factory Reactor  
  21  3:14  Command Center  
  21  3:16  SCV  
  21  3:31  SCV  
  21  3:32  Marine  
  21  3:33  Marine  
  24  3:45  Orbital Command  
  24  3:50  Refinery  
  24  3:54  Widow Mine x2, Marine x2  
  30  4:00  Starport  
  30  4:03  SCV  
  30  4:09  Terran Infantry Weapons Level 1  
  31  4:13  Marine x2  
  33  4:21  SCV  
  34  4:28  SCV  
  35  4:33  SCV  
  35  4:38  Orbital Command  
  36  4:41  SCV  
  36  4:42  Starport Reactor  
  36  4:45  SCV  
  38  4:46  Barracks  
  38  4:50  Barracks  
  38  4:59  SCV  
  39  5:03  SCV  
  40  5:09  Missile Turret  
  40  5:18  SCV  
  41  5:23  SCV  
  41  5:24  Refinery, Medivac x2  
  41  5:26  Marine  
  41  5:27  Marine  
  48  5:30  SCV  
  48  5:34  Supply Depot  
  49  5:38  Barracks Tech Lab  
  49  5:41  Barracks Reactor, Missile Turret  
  49  5:42  SCV  
  50  5:44  Barracks  
  50  5:46  Supply Depot, Widow Mine  
  50  5:48  Widow Mine  
  54  6:04  Combat Shields  
  54  6:06  Marine x2  
  54  6:08  Missile Turret, Marauder  
  54  6:09  Supply Depot  
  58  6:17  SCV  
  59  6:25  Supply Depot  
  59  6:29  SCV, Marauder  
  62  6:39  SCV  
  63  6:42  SCV x2  
  63  6:46  Marine x3  
  63  6:47  Marine x2  
  67  6:48  Supply Depot  
  67  6:49  Widow Mine x2  
  67  6:50  Medivac  
  67  6:51  SCV, Medivac, Marauder  
  81  7:03  SCV  
  81  7:04  Marine x4  
  81  7:05  Marine  
  87  7:12  Marauder  
  87  7:15  SCV  
  90  7:20  Medivac  
  90  7:22  Marine x4  
  96  7:32  Stimpack  
  96  7:33  Marauder  
  96  7:35  Marine  
  99  7:37  Widow Mine  
  101  7:46  Barracks  
  101  8:15  Supply Depot  
  101  8:27  Starport  
  101  8:36  Medivac x2, Widow Mine x2  
  101  8:38  Supply Depot  
  109  8:47  SCV, Marine  
  109  8:49  Marauder, Marine x2  
  109  8:50  Marine  
  109  8:59  Marine  
  109  9:00  SCV, Marine  
  109  9:01  Supply Depot  
  112  9:04  Widow Mine  
  112  9:05  Marine  
  112  9:06  Marine  
  112  9:07  Marine  
  117  9:11  Starport Tech Lab  
  117  9:12  Starport Reactor  
  117  9:21  Terran Infantry Armor Level 1  
  117  9:22  Armory  
  117  9:23  Marauder, Marine x4  
  123  9:24  Marine  
  123  9:25  Marine  
  123  9:27  Engineering Bay  
  123  9:28  Supply Depot  
  125  9:33  Concussive Shells  
  125  9:48  SCV, Marine  
  125  9:49  Medivac x2, Marine x2  
  125  9:50  Marine, Marauder  
  125  9:51  Supply Depot  
  133  9:55  Liberator  
  127  10:00  Marine  
  127  10:01  SCV  
  127  10:02  Marine  
  127  10:03  Widow Mine  
  125  10:08  Marine  
  125  10:09  Marine x2  
  125  10:11  Marauder, Widow Mine  
  125  10:13  SCV  
  124  10:16  Marine  
  124  10:18  Marine  
  124  10:19  Marine, Medivac x2  
  120  10:25  SCV  
  120  10:26  Marine  
  120  10:27  Marine  
  115  10:33  Marauder  
  115  10:34  Marine  
  112  10:36  Marine  
  112  10:37  SCV  
  112  10:38  Terran Infantry Weapons Level 2  
  109  10:44  Marine x2  
  109  10:45  Marine  
  112  10:52  Marine  
  112  10:54  Marauder, Marine  
  116  11:00  Terran Vehicle Weapons Level 1  
  116  11:02  Marine x2  
  116  11:03  Marine  
  119  11:09  Marine  
  120  11:11  Marine  
  120  11:16  Marauder  
  123  11:20  Marine  
  125  11:28  Refinery  
  125  11:30  Barracks Reactor  
  125  11:31  Supply Depot  
  125  11:34  Barracks Reactor, Marine  
  125  11:37  Barracks Tech Lab  
  125  11:39  Terran Infantry Armor Level 2  
  125  11:52  Marine  
  125  11:53  Marauder  
  128  11:56  SCV  
  128  11:57  Fusion Core  
  128  12:00  Starport  
  129  12:02  Supply Depot  
  129  12:08  SCV  
  129  12:12  Marine  
  129  12:13  Marine x2  
  133  12:18  Liberator x2  
  133  12:23  Marauder x2, Marine x3  
  128  12:30  Marine x2  
  128  12:31  Marine  
  113  12:41  Marine x3  
  113  12:43  Medivac  
  117  12:45  Marauder x2  
  117  12:48  Marine x2  
  123  13:00  Liberator  
  123  13:01  Liberator  
  123  13:02  Marine x2  
  123  13:03  Marine x2  
  127  13:06  Marauder x2, Marine x2  
  127  13:07  Terran Infantry Weapons Level 3  
  139  13:20  Marine x2  
  139  13:21  Factory Tech Lab  
  141  13:32  Marine x2  
  141  13:35  Supply Depot  
  141  13:38  Marauder  
  141  13:39  Marauder  
  141  13:40  Marine x2  
  123  13:59  Supply Depot  
  123  14:01  Marauder  
  125  14:03  Starport Tech Lab  
  125  14:08  Siege Tank  
  128  14:21  Supply Depot  
  128  14:40  Siege Tank  
  128  14:45  Supply Depot  
  128  14:46  Marauder, Marine x2  
  128  14:47  Marine x4, Marauder  
  128  14:50  Advanced Ballistics  
  138  15:03  Marine  
  138  15:04  Medivac x2, Marine  
  144  15:08  Supply Depot, Marauder x2  
  144  15:12  Siege Tank  
  151  15:17  Refinery  
  151  15:29  Marauder x2  
  151  15:32  Marine x2  
  151  15:33  Command Center, Marine x4  
  161  15:44  Siege Tank  
  164  15:50  Marine, Medivac x2  
  164  15:51  Marauder x2  
  164  15:54  Medivac  
  175  16:06  Marine  
  175  16:07  Marine x3  
  179  16:12  Marauder  
  181  16:44  Marauder x2, Marine x3  
  181  16:45  Marine x3  
  191  16:48  Siege Tank  
  194  17:02  Marine x2  
  196  17:15  Orbital Command  
Show
View Real Time Build Order
Export as new Build Order

ImmortalZodd Zerg 

Build Orders: Hatch First 

Get SALT Encoding   

  12  0:03  Drone  
  13  0:08  Drone  
  14  0:17  Overlord  
  14  0:36  Drone x3  
  18  0:57  Drone  
  18  1:01  Extractor  
  18  1:02  Hatchery, Drone  
  17  1:15  Drone  
  18  1:24  Spawning Pool  
  18  1:25  Drone  
  18  1:31  Drone  
  19  1:44  Drone  
  20  1:55  Drone  
  21  2:02  Overlord  
  21  2:12  Metabolic Boost  
  21  2:16  Drone  
  21  2:17  Drone  
  23  2:28  Drone x2  
  25  2:32  Queen  
  25  2:33  Queen  
  25  2:36  Zergling x4  
  31  2:50  Drone x2  
  33  2:56  Drone  
  34  3:02  Drone  
  35  3:09  Hatchery  
  34  3:17  Zergling x4  
  35  3:24  Zergling x2  
  36  3:34  Overlord x3  
  36  3:43  Roach Warren  
  36  3:47  Evolution Chamber, Queen  
  36  3:50  Evolution Chamber  
  36  3:54  Drone x3  
  36  3:55  Drone  
  39  4:01  Lair  
  39  4:11  Drone x4  
  39  4:12  Drone x3, Extractor  
  39  4:13  Extractor  
  44  4:17  Drone  
  44  4:21  Drone  
  44  4:22  Drone  
  47  4:33  Roach  
  49  4:50  Overlord x3  
  49  4:51  Overlord x2  
  49  5:03  Roach x2  
  49  5:04  Roach x4  
  61  5:14  Glial Reconstitution  
  61  5:19  Roach  
  63  5:25  Drone  
  63  5:26  Drone x5  
  69  5:36  Zerg Missile Weapons Level 1  
  69  5:49  Zerg Ground Armor Level 1  
  69  5:54  Drone x4  
  69  5:55  Drone x6  
  79  5:59  Extractor  
  79  6:00  Roach  
  79  6:01  Roach x2  
  79  6:03  Extractor  
  83  6:04  Roach x2  
  87  6:15  Drone x5  
  87  6:16  Drone x2  
  94  6:21  Roach x2  
  98  6:35  Extractor  
  97  6:44  Hydralisk Den, Roach  
  97  6:45  Roach x4  
  97  6:46  Overlord  
  106  6:47  Overlord x3  
  106  7:11  Roach x3  
  106  7:12  Roach x6  
  106  7:14  Infestation Pit  
  123  7:21  Hydralisk x2  
  123  7:22  Hydralisk  
  129  7:28  Hydralisk x2  
  129  7:29  Hydralisk x2  
  137  7:37  Zerg Missile Weapons Level 2  
  137  7:45  Zerg Ground Armor Level 2  
  137  8:04  Overlord x3  
  137  8:05  Overlord x3  
  137  8:09  Hive  
  137  8:12  Muscular Augments  
  137  8:22  Hydralisk x5  
  137  8:24  Hydralisk  
  149  8:38  Hydralisk  
  149  8:39  Hydralisk x4  
  140  9:03  Spore Crawler  
  140  9:04  Spore Crawler  
  140  9:08  Hydralisk  
  140  9:09  Hydralisk x5  
  146  9:14  Hydralisk  
  152  9:32  Spore Crawler  
  152  9:34  Spore Crawler  
  150  9:39  Spore Crawler  
  150  9:40  Spore Crawler, Hydralisk x2  
  105  10:01  Hydralisk x4  
  89  10:19  Hydralisk x4  
  93  10:28  Hydralisk  
  85  10:41  Hydralisk x3  
  67  11:05  Overseer x3  
  67  11:09  Hydralisk  
  67  11:10  Hydralisk x3  
  75  11:21  Hydralisk x2  
  75  11:24  Drone  
  80  11:30  Hydralisk  
  82  11:40  Hydralisk x2  
  86  11:47  Hydralisk  
  86  11:50  Drone x2  
  86  11:53  Drone  
  86  11:54  Drone  
  80  12:31  Hydralisk  
  80  12:32  Hydralisk x7  
  86  12:40  Hydralisk  
  86  12:41  Hydralisk  
  60  14:03  Spire  
  59  14:26  Spire  
  58  14:36  Hydralisk x7  
  58  14:37  Hydralisk x2  
  76  14:49  Hatchery  
  75  14:59  Hydralisk  
  75  15:00  Hydralisk x3  
  83  15:16  Mutalisk  
  83  15:17  Mutalisk  
  87  15:28  Mutalisk  
  89  15:51  Roach x3  
  95  15:58  Hydralisk  
  97  16:19  Mutalisk x3  
  97  16:23  Mutalisk  
  105  16:43  Mutalisk x4  
  113  16:57  Ultralisk Cavern  
Tags
 
Add a new tag
Caveats
  • Supply blocks, unpowered buildings, or Contaminate may cause inaccurate times.
  • Supply counts are checked every 10 seconds.